 Dungeon Crawl Stone Soup version 0.20.1-1-g8b1a95d (webtiles) character file.

1760 Jukra the Cudgeler (level 8, -1/61 HPs)
             Began as a Demonspawn Abyssal Knight on Aug 7, 2017.
             Was a Priest of Lugonu.
             Slain by Gelerth's ghost (10 damage)
             ... on level 6 of the Dungeon.
             The game lasted 00:31:56 (5400 turns).

Jukra the Cudgeler (Demonspawn Abyssal Knight)      Turns: 5400, Time: 00:31:57

Health: -1/61      AC: 17    Str: 15    XL:     8   Next: 79%
Magic:  9/9        EV:  8    Int: 19    God:    Lugonu [***...]
Gold:   296        SH:  9    Dex: 12    Spells: 7/7 levels left

rFire    . . .     SeeInvis .   f - +2 mace (protect)
rCold    . . .     Gourm    .   w - +0 shield
rNeg     . . .     Faith    .   k - +2 scale mail {rPois}
rPois    +         Spirit   .   (helmet restricted)
rElec    .         Reflect  .   D - +0 cloak
rCorr    .         Harm     .   (no gloves)
MR       .....                  (no boots)
Stlth    ..........             (no amulet)
Regen    0.2/turn               q - ring of poison resistance
MPRegen  0.2/turn               o - +5 ring of intelligence

@: protection aura
A: antennae 1, claws 1, fangs 1, talons 2, demonic guardian 1, rot immunity
a: Depart the Abyss, Bend Space, Banish, Renounce Religion


You were on level 6 of the Dungeon.
You worshipped Lugonu.
Lugonu was most pleased with you.
You were very hungry.

You visited 1 branch of the dungeon, and saw 6 of its levels.
You visited the Abyss 1 time.

You collected 296 gold pieces.

Inventory:

Hand Weapons
 a - a +1 hand axe
 f - a +2 mace of protection (weapon)
 r - a +2 spear of venom
 C - a +0 trident of flaming
 E - a +0 morningstar
Armour
 b - a +0 leather armour
 k - a +2 scale mail of poison resistance (worn)
 w - a +0 shield (worn)
 z - a +0 helmet
 A - a +0 plate armour
 D - a +0 cloak (worn)
 G - a +0 plate armour
Magical Staves
 y - an uncursed staff of poison {unknown}
Jewellery
 d - an uncursed ring of wizardry
 o - a +5 ring of intelligence (right claw)
 q - a ring of poison resistance (left claw)
 F - an uncursed ring of see invisible {unknown}
Wands
 s - a wand of random effects (16/48)
Scrolls
 e - 4 scrolls of fear
 j - a scroll of enchant weapon {unknown}
 l - 4 scrolls of identify
 p - 3 scrolls of remove curse
 v - 2 scrolls of immolation {unknown}
 x - a scroll of enchant armour {unknown}
 B - a scroll of amnesia {unknown}
Potions
 i - 4 potions of agility {unknown}
 m - a potion of lignification {unknown}
 n - a potion of berserk rage {unknown}
 t - a potion of mutation {unknown}
 u - 4 potions of curing {unknown}
Books
 I - a book of Flames

   Spells                             Type                      Level
   a - Flame Tongue                   Conjuration/Fire             1
   b - Throw Flame                    Conjuration/Fire             2
   c - Conjure Flame                  Conjuration/Fire             3
   d - Inner Flame                    Hexes/Fire                   3
   e - Sticky Flame                   Conjuration/Fire             4
   f - Fireball                       Conjuration/Fire             5
Comestibles
 c - 3 bread rations
 h - 2 meat rations
 H - 3 chunks of flesh


   Skills:
 + Level 4.5 Fighting
 - Level 2.1(5.0) Axes
 * Level 7.2(7.3) Maces & Flails
 + Level 4.4 Armour
 + Level 2.6 Dodging
 * Level 4.0 Shields
 + Level 2.4 Invocations


You had 7 spell levels left.
You didn't know any spells.

Dungeon Overview and Level Annotations

Branches:
Dungeon (6/15)
 Temple: D:4-7

Altars:
Ashenzari
Cheibriados
Dithmenos
Makhleb
Okawaru
Qazlal
Trog

Shops:
D:4 [(=!

Annotations:
D:6 Gelerth's ghost, novice MiFi


Innate Abilities, Weirdness & Mutations

You have a pair of small antennae on your head.
You have sharp fingernails.
You have razor-sharp toenails.
A weak demonic guardian rushes to your aid.
You are immune to rotting.
You have very sharp teeth.


Message History

Gelerth's ghost lets out a mournful wail.
Gelerth's ghost hits you but does no damage.
You hit Gelerth's ghost but do no damage.
Your kick misses Gelerth's ghost.
Gelerth's ghost is severely damaged.
You block Gelerth's ghost's attack.
You hit Gelerth's ghost.
You claw Gelerth's ghost, but do no damage.
Gelerth's ghost is severely damaged.
Your iron imp disappears in a puff of smoke!
Gelerth's ghost hits you but does no damage.
You sock Gelerth's ghost!
Gelerth's ghost is almost destroyed.
You block Gelerth's ghost's attack.
You hit Gelerth's ghost.
Gelerth's ghost is almost destroyed.
Gelerth's ghost hits you.
* * * LOW HITPOINT WARNING * * *
Gelerth's ghost hits you!
You die...

.#######.##.#
.#..........# #.#
...#......#.# #.#
#..#.###.##### #.#
#..... #.....# #.#
#....##.###.# #.#
#...(...###.# #.#
#...........# #5#
##..##.#.##### #@#
....##.#.#######W#
.....#.#....)o.oh#
...#.#.#.#########
...#.#.h........
..)#..##o#######
...†............
....#.##.#######
..!.#..#.#


You could see a black bear, Gelerth's ghost, an orc and a friendly iron imp.

Vanquished Creatures
  Duvessa (D:6)
  An ice beast (D:5)
  A phantom (D:5)
  A black bear (D:6)
  3 ogres
  2 bullfrogs (D:6)
  2 scorpions (D:5)
  Dowan (D:6)
  A howler monkey (D:5)
  A bullfrog zombie (D:6)
  2 hounds
  2 jellies (D:5)
  A centaur skeleton (D:4)
  An orc priest (D:4)
  3 iguanas
  4 orc wizards
  Natasha (thrice) (D:2)
  4 worker ants
  A hound zombie (D:5)
  3 adders
  An ooze (D:2)
  3 worms
  7 dart slugs
  3 leopard geckos
  11 orcs
  8 bats
  4 giant cockroaches
  3 goblins
  7 hobgoblins
  9 jackals
  5 kobolds
  A quokka (D:5)
  A ball python (D:2)
  3 frilled lizards
  7 rats
111 creatures vanquished.

Vanquished Creatures (collateral kills)
  A sky beast (D:5)
  A bullfrog (D:6)
  A howler monkey (D:4)
  A jelly (D:6)
  2 orc wizards
  An orc priest (D:5)
  An iguana (D:4)
  A worker ant (D:6)
  A shadow imp (D:6)
  4 orcs
14 creatures vanquished.

Grand Total: 125 creatures vanquished

Notes
Turn   | Place    | Note
-------+----------+-------------------------------------------
     0 | Abyss:1  | Jukra the Demonspawn Abyssal Knight began the quest for the Orb.
     0 | Abyss:1  | Reached XP level 1. HP: 18/18 MP: 2/2
    37 | Abyss:1  | Noticed an iron imp
    52 | Abyss:1  | Noticed a fire dragon simulacrum
    67 | Abyss:1  | Noticed a large abomination
    68 | D:1      | Escaped the Abyss
   136 | D:1      | Reached * piety under Lugonu
   141 | D:1      | Gained mutation: You have sharp toenails. [demonic ancestry]
   141 | D:1      | Reached XP level 2. HP: 12/24 MP: 3/3
   551 | D:1      | Gained mutation: You have razor-sharp toenails. [demonic ancestry]
   551 | D:1      | Reached XP level 3. HP: 29/29 MP: 4/4
   892 | D:2      | Reached skill level 1 in Maces & Flails
  1166 | D:2      | Found a stormy altar of Qazlal.
  1341 | D:2      | Reached skill level 2 in Maces & Flails
  1415 | D:2      | Noticed Natasha
  1431 | D:2      | Killed Natasha
  1431 | D:2      | Reached skill level 1 in Dodging
  1431 | D:2      | Reached XP level 4. HP: 31/37 MP: 5/5
  1541 | D:2      | Noticed Natasha
  1545 | D:2      | Killed Natasha
  1545 | D:2      | Reached ** piety under Lugonu
  1562 | D:2      | Noticed Natasha
  1569 | D:2      | Killed Natasha
  1569 | D:2      | Gained mutation: A weak demonic guardian rushes to your aid. [demonic ancestry]
  1569 | D:2      | Reached XP level 5. HP: 32/42 MP: 6/6
  1782 | D:3      | Reached skill level 3 in Maces & Flails
  1787 | D:3      | Found a burning altar of Makhleb.
  2462 | D:3      | Found a shadowy altar of Dithmenos.
  2473 | D:3      | Found an iron altar of Okawaru.
  2511 | D:4      | Found Haraw's Jewellery Shop.
  2850 | D:4      | Found Biem's Antique Armour Boutique.
  2879 | D:4      | Found a shattered altar of Ashenzari.
  3050 | D:4      | Gained mutation: You are immune to rotting. [demonic ancestry]
  3050 | D:4      | Reached XP level 6. HP: 21/48 MP: 7/7
  3601 | D:4      | Reached skill level 4 in Maces & Flails
  3601 | D:4      | Reached skill level 1 in Shields
  3704 | D:4      | Found Mac Jeny's Weapon Shop.
  3716 | D:4      | Found Ozuff's Distillery.
  4053 | D:4      | Gained mutation: You have sharp fingernails. [demonic ancestry]
  4053 | D:4      | Reached XP level 7. HP: 54/54 MP: 8/8
  4062 | D:4      | Reached *** piety under Lugonu
  4217 | D:5      | Entered Level 5 of the Dungeon
  4269 | D:5      | Reached skill level 5 in Maces & Flails
  4729 | D:5      | Gained mutation: You have a pair of small antennae on your head. [demonic ancestry]
  4729 | D:5      | Reached XP level 8. HP: 59/60 MP: 9/9
  4852 | D:5      | Reached skill level 6 in Maces & Flails
  4859 | D:5      | Gained mutation: You have very sharp teeth. [mutagenic meat]
  4860 | D:5      | Gained mutation: You are resistant to hostile enchantments. (MR+) [mutagenic meat]
  4861 | D:5      | Lost mutation: You are resistant to hostile enchantments. (MR+) [mutagenic meat]
  5128 | D:6      | Found a snail-covered altar of Cheibriados.
  5175 | D:6      | Noticed Dowan
  5176 | D:6      | Noticed Duvessa
  5186 | D:6      | Killed Dowan
  5208 | D:6      | Killed Duvessa
  5252 | D:6      | Noticed Gelerth's ghost (novice MiFi)
  5252 | D:6      | Found a bloodstained altar of Trog.
  5289 | D:6      | Reached skill level 7 in Maces & Flails
  5400 | D:6      | Slain by Gelerth's ghost

Skill      XL: |  1  2  3  4  5  6  7  8 |
---------------+-------------------------+-----
Axes           | 2 |  2.1
Armour         | 2 3 4 |  4.4
Maces & Flails | 2 3 4 5 7 |  7.2
Dodging        | 1 2 |  2.6
Fighting       | 4 |  4.5
Shields        | 1 2 4 |  4.0
Invocations    | |  2.4

Action                   |  1- 3 |  4- 6 |  7- 9 || total
-------------------------+-------+-------+-------++-------
Melee: Hand axe          |    38 |       |       ||    38
       Mace              |    87 |   156 |   211 ||   454
       Kick              |    14 |    35 |    57 ||   106
       Bite              |       |       |    20 ||    20
Invok: Depart the Abyss  |     1 |       |       ||     1
  Use: Scroll            |     4 |     3 |     1 ||     8
       Potion            |       |       |     1 ||     1
  Eat: Chunk             |     2 |     3 |     7 ||    12
       Meat ration       |       |     1 |       ||     1
Armor: Leather armour    |     7 |       |       ||     7
       Scale mail        |    60 |    93 |   129 ||   282
Dodge: Dodged            |    83 |    53 |    65 ||   201
Block: Shield            |       |    53 |    93 ||   146
